 Dungeon Sprint DCSS version 0.17-a0-1570-g74b7129 (webtiles) character file.

271 tt080 the Basher (level 6, -22/100 HPs)
             Began as a Troll Berserker on July 23, 2015.
             Was an Elder of Trog.
             Annihilated by a hill giant
             ... wielding a +0 giant club
              (37 damage)
             ... in the Dungeon (Sprint IX: "|||||||||||||||||||||||||||||").
             The game lasted 00:01:22 (145 turns).

tt080 the Basher (Troll Berserker)                   Turns: 145, Time: 00:01:22

Health: -22/100    AC:  7    Str: 31    XL:     6   Next: 2%
Magic:  5/5        EV: 14    Int:  3    God:    Trog [****..]
Gold:   0          SH:  0    Dex: 11    Spells: 0 memorised, 5 levels left

rFire  . . .     SeeInvis .     a - +0 mace
rCold  . . .     Clarity  .     b - +0 animal skin
rNeg   . . .     SustAt   .     (no shield)
rPois  .         Gourm    +     (helmet restricted)
rElec  .         Spirit   .     (no cloak)
rCorr  .         Warding  .     (gloves unavailable)
rMut   .         NoTele   +     (boots unavailable)
MR     ++...                    (no amulet)
Stlth  ..........               n - +2 ring of evasion
                                m - +2 ring of protection

@: berserking (expiring), very slightly contaminated, regenerating, invisible,
very quick, very resistant to hostile enchantments, extremely unstealthy
A: unfitting armour, claws 3, fast metabolism 3, gourmand, regeneration 2,
shaggy fur 1, tough skin 2
a: Burn Spellbooks, Berserk, Trog's Hand, Brothers in Arms, Renounce Religion


You were in the Dungeon.
You worshipped Trog.
Trog was greatly pleased with you.
You were not hungry.

You visited 1 branch

Inventory:

Hand weapons
 a - a +0 mace (weapon)
Armour
 b - a +0 animal skin (worn)
Jewellery
 m - a +2 ring of protection (left claw)
 n - a +2 ring of evasion (right claw)
Magical devices
 l - a wand of cold (7)
Scrolls
 i - 2 scrolls of blinking
 k - 3 scrolls of remove curse
Potions
 d - 5 potions of curing
 e - 3 potions of heal wounds
 f - a potion of haste
 g - 4 potions of magic
 h - a potion of berserk rage
Comestibles
 c - 2 bread rations


   Skills:
 + Level 5.7 Fighting
 * Level 8.6 Maces & Flails
 + Level 5.7 Dodging


You had 5 spell levels left.
You didn't know any spells.

Dungeon Overview and Level Annotations

Branches:
Dungeon (1/1)

Altars:
Cheibriados
Dithmenos
Elyvilon
Fedhas
Gozag
Kikubaaqudgha
Makhleb
Nemelex Xobeh
Okawaru
Qazlal
Ru
Sif Muna
Trog
Vehumet
Xom
Yredelemnul
Zin
The Shining One
Beogh
Jiyva
Lugonu


Innate Abilities, Weirdness & Mutations

You are too large for most types of armour.
You have claws for hands.
Your metabolism is lightning-fast.
You like to eat raw meat.
You heal very quickly.
You are covered in fur (AC +1).
You have very tough skin (AC +2).


Message History

You have reached level 5!
You have reached level 6!
Your experience leads to an increase in your attributes!
Your base attributes are Str 25, Int 3, Dex 10.
Increase (S)trength, (I)ntelligence, or (D)exterity?
You feel agile.
You feel stronger.
You sock the giant cockroach zombie!
You destroy the giant cockroach zombie!
The centaur wields a shortbow.
The centaur shoots an arrow.
The arrow hits the hill giant.
The hill giant misses you.
There is an open door to the Dungeon, spattered with blood here.
You hit the hill giant.
The hill giant is lightly wounded.
The centaur shoots an arrow.
The arrow hits the hill giant!
Unknown command.
You hit the hill giant.
The hill giant is moderately wounded.
The centaur shoots an arrow.
The arrow hits the hill giant.
The hill giant hits you with a giant club!!!
You die... ▓▓▓▓▓▓▓▓▓▓▓▓▓▓▓▓▓▓▓▓▓▓▓▓ +.lrc.C@..[[[)|?.'______ ▓▓▓▓▓▓▓▓▓▓▓▓▓▓▓▓▓▓▓▓▓▓▓▓

You could see a hill giant, a centaur, a giant gecko and a rat (wandering).

Vanquished Creatures
  A troll (D)
  A worker ant (D)
  A gnoll (D)
  An adder (D)
  An ooze (D)
  A ball python (D)
  A hobgoblin (D)
  A jackal (D)
  A giant cockroach zombie (D)
  A goblin (D)
  2 rats (D)
12 creatures vanquished.

Vanquished Creatures (others)
  A spatial maelstrom (D)
1 creature vanquished.

Grand Total: 13 creatures vanquished

Notes
Turn   | Place    | Note
--------------------------------------------------------------
     0 | D        | tt080 the Troll Berserker began the quest for the Orb.
     0 | D        | Reached XP level 1. HP: 22/22 MP: 0/0
     1 | D        | Banished a spatial maelstrom
    14 | D        | Reached skill level 3 in Maces & Flails
    14 | D        | Reached XP level 2. HP: 20/29 MP: 1/1
    18 | D        | Acquired Trog's second power
    18 | D        | Reached skill level 4 in Maces & Flails
    59 | D        | Noticed a worker ant
    69 | D        | Killed a worker ant
    69 | D        | Reached skill level 5 in Maces & Flails
    69 | D        | Reached XP level 3. HP: 30/39 MP: 2/2
    81 | D        | Acquired Trog's third power
    90 | D        | Found a glowing silver altar of Zin.
    90 | D        | Found a glowing golden altar of the Shining One.
    90 | D        | Found an ancient bone altar of Kikubaaqudgha.
    90 | D        | Found a basalt altar of Yredelemnul.
    90 | D        | Found a shimmering altar of Xom.
    90 | D        | Found a radiant altar of Vehumet.
    91 | D        | Found an iron altar of Okawaru.
    92 | D        | Found a burning altar of Makhleb.
    93 | D        | Found a deep blue altar of Sif Muna.
    94 | D        | Found a bloodstained altar of Trog.
    95 | D        | Found a sparkling altar of Nemelex Xobeh.
    96 | D        | Found a white marble altar of Elyvilon.
    97 | D        | Found a roughly hewn altar of Beogh.
    98 | D        | Found a viscous altar of Jiyva.
    99 | D        | Found a corrupted altar of Lugonu.
   100 | D        | Found a blossoming altar of Fedhas.
   101 | D        | Found a snail-covered altar of Cheibriados.
   102 | D        | Found a shadowy altar of Dithmenos.
   103 | D        | Found a stormy altar of Qazlal.
   104 | D        | Found an opulent altar of Gozag.
   105 | D        | Found a sacrificial altar of Ru.
   131 | D        | Noticed a hill giant
   131 | D        | Noticed a centaur
   131 | D        | Noticed a troll
   141 | D        | Killed a troll
   141 | D        | Reached skill level 5 in Fighting
   141 | D        | Reached skill level 8 in Maces & Flails
   141 | D        | Reached skill level 5 in Dodging
   141 | D        | Reached XP level 4. HP: 8/52 MP: 3/3
   141 | D        | Reached XP level 5. HP: 9/59 MP: 4/4
   141 | D        | Reached XP level 6. HP: 10/67 MP: 5/5
   145 | D        | Annihilated by a hill giant

Vault maps used:
D:        linesprint

Action                   |  1- 3 |  4- 6 || total
-------------------------+-------+-------++-------
Melee: Mace              |    47 |     3 ||    50
Invok: Berserk           |     2 |       ||     2
       Trog's Hand       |     1 |       ||     1
  Use: Potion            |     1 |       ||     1
 Stab: Invisible         |     2 |       ||     2
  Eat: Chunk             |     1 |       ||     1
